 Dungeon Crawl Stone Soup version 0.29.1-15-g9cfb28693d (webtiles) character file.

Game seed: 16016969628284880322

792 booth the Chopper (level 7, -3/54 HPs)
             Began as a Demonspawn Gladiator on Mar 13, 2023.
             Was an Initiate of Yredelemnul.
             Slain by an orc warrior
             ... wielding a +0 long sword
              (8 damage)
             ... on level 6 of the Dungeon.
             The game lasted 00:25:05 (5203 turns).

booth the Chopper (Demonspawn Gladiator)            Turns: 5203, Time: 00:25:06

Health: -3/54      AC:  5    Str: 17    XL:     7   Next: 57%
Magic:  7/7        EV: 13    Int:  9    God:    Yredelemnul [......]
Gold:   278        SH:  0    Dex: 14    Spells: 6/6 levels left

rFire   . . .      SeeInvis +   a - +0 war axe
rCold   . . .      Faith    .   (no shield)
rNeg    . . .      Spirit   .   b - +0 leather armour
rPois   .          Reflect  .   c - +0 helmet
rElec   .          Harm     .   w - +0 cloak
rCorr   .          Rampage  .   (no gloves)
Will    .....                   (no boots)
Stlth   +.........              (no amulet)
HPRegen 0.18/turn               y - ring of see invisible
MPRegen 0.10/turn               (no ring)

@: no status effects
A: ignite blood 1, spiny 1
a: Renounce Religion, Recall Undead Harvest


You were on level 6 of the Dungeon.
You worshipped Yredelemnul.
Yredelemnul was noncommittal.
You visited 1 branch of the dungeon, and saw 6 of its levels.

You collected 278 gold pieces.

Inventory:

Hand Weapons
 a - a +0 war axe (weapon)
 i - a +4 vampiric whip
 p - a +0 mace
Missiles
 d - 3 throwing nets
 e - 6 javelins
 g - 2 poisoned darts (quivered)
 q - 5 silver boomerangs
Armour
 b - a +0 leather armour (worn)
 c - a +0 helmet (worn)
 w - a +0 cloak (worn)
Jewellery
 y - a ring of see invisible (left hand)
Wands
 t - a wand of mindburst (18)
Scrolls
 h - a scroll of enchant weapon {unknown}
 k - 2 scrolls of summoning {unknown}
 m - 3 scrolls of poison {unknown}
 n - a scroll of fear
 o - 2 scrolls of teleportation {unknown}
 r - 3 scrolls of enchant armour {unknown}
 v - a scroll of acquirement {unknown}
Potions
 f - a potion of curing
 j - 2 potions of flight
 l - a potion of magic
 s - 2 potions of heal wounds {unknown}
 u - a potion of mutation {unknown}
 x - a potion of degeneration {unknown}
 z - a potion of ambrosia {unknown}


   Skills:
 + Level 4.1 Fighting
 * Level 5.6 Axes
 + Level 3.8 Throwing
 + Level 4.4 Dodging


You had 6 spell levels left.
You didn't know any spells.
Your spell library contained the following spells:

 Spells                   Type           Power      Damage    Failure   Level
 Slow                     Hex            0%         N/A       45%         1
 Sublimation of Blood     Necr           0%         N/A       58%         2
 Wereblood                Tmut           0%         N/A       58%         2
 Confusing Touch          Hex            0%         N/A       83%         3
 Ignite Poison            Fire/Tmut/Pois 0%         N/A       83%         3
 Mephitic Cloud           Conj/Pois/Air  0%         N/A       83%         3
 Vampiric Draining        Necr           0%         2d6       83%         3
 Freezing Cloud           Conj/Ice/Air   0%         6-21      100%        5
 Summon Forest            Summ/Tloc      0%         N/A       100%        5
 Eringya's Noxious Bog    Tmut/Pois      0%         N/A       100%        6
 Summon Hydra             Summ           0%         N/A       100%        7
 Chain Lightning          Conj/Air       0%         N/A       100%        9
 Fire Storm               Conj/Fire      0%         5d1       100%        9
 Shatter                  Erth           0%         3d5*      100%        9


Dungeon Overview and Level Annotations

Branches:
Dungeon (6/15)
 Temple: D:4-7

Altars:
Gozag
Hepliaklqana
Okawaru
Ru
Yredelemnul

Shops:
D:5 [


Innate Abilities, Weirdness & Mutations

Your demonic aura sometimes causes spilled blood to erupt in flames.
You are partially covered in sharp spines.


Message History

You kill the orc!
The dead are walking!
The orc warrior unwields a +0 long sword.
The orc warrior wields a +0 arbalest.
The orc warrior shoots a bolt.
The bolt hits your bullfrog zombie.
Your bullfrog zombie is engulfed in blazing flames.
Your bullfrog zombie hits the orc warrior but does no damage.
An orc comes into view. It is wielding a +0 mace.
You swap places.
The orc warrior unwields a +0 arbalest.
The orc warrior wields a +0 long sword.
The orc warrior hits you with a +0 long sword!!
The orc hits your orc zombie with a +0 mace.
You see here a +0 club.
You barely miss the orc warrior.
The orc warrior hits you with a +0 long sword!
Your orc zombie hits the orc.
The orc hits your orc zombie with a +0 mace!
Your orc zombie is destroyed!
You barely miss the orc warrior.
The orc warrior is struck by your spines.
The orc warrior closely misses you. The orc warrior barely misses you.
You hit the orc warrior but do no damage.
The orc warrior is lightly wounded.
The orc warrior hits you with a +0 long sword!
* * * LOW HITPOINT WARNING * * *
You swap places.
Your bullfrog zombie hits the orc warrior but does no damage.
The orc warrior unwields a +0 long sword.
The orc warrior wields a +0 arbalest.
The orc warrior shoots a bolt.
The bolt hits your bullfrog zombie!!
Your bullfrog zombie is destroyed!
The orc warrior shoots a bolt.
The bolt hits you!
* * * LOW HITPOINT WARNING * * *
The orc warrior shoots a bolt.
The bolt closely misses you.
You barely miss the orc warrior.
The orc warrior is lightly wounded.
The orc warrior unwields a +0 arbalest.
The orc warrior wields a +0 long sword.
The orc warrior hits you with a +0 long sword!
You die...
Your body rises from the dead as a mindless zombie.

# ####.#
#.o.o#
#o#### #@# #
#.# . #.#
##.## ##
..####...##
.+
..........#
##
..####...###
..
#........#
##
#.###....#


You could see an orc warrior and an orc.

Vanquished Creatures
  An ogre (D:5)
  A phantom (D:4)
  A bullfrog (D:6)
  2 scorpions (D:5)
  2 jellies (D:5)
  An iguana (D:5)
  Natasha (D:3)
  3 gnolls (D:5)
  5 adders
  A white imp (D:5)
  An ufetubus (D:5)
  2 dart slugs
  2 orcs
  12 ball pythons
  2 bats (D:1)
  6 endoplasms
  4 giant cockroaches
  A gnoll zombie (D:5)
  5 goblins
  3 hobgoblins
  6 jackals
  6 kobolds
  4 quokkas
  A frilled lizard (D:2)
  2 jackal zombies (D:5)
  2 rats (D:2)
77 creatures vanquished.

Vanquished Creatures (collateral kills)
  A scorpion (D:5)
  A jelly (D:6)
  An iguana (D:5)
  Natasha (twice) (D:3)
  A ball python (D:2)
  2 goblins
  A hobgoblin (D:2)
  A bat (D:3)
  A kobold (D:4)
  A rat (D:3)
12 creatures vanquished.

Vanquished Creatures (others)
  A bullfrog zombie (D:6)
  An adder zombie (D:2)
  A bat zombie (D:2)
  4 ball python zombies
  A giant cockroach zombie (D:3)
  2 goblin zombies
  A hobgoblin zombie (D:3)
  An orc zombie (D:6)
  A rat zombie (D:3)
13 creatures vanquished.

Grand Total: 102 creatures vanquished

Notes
Turn   | Place    | Note
-------+----------+-------------------------------------------
     0 | D:1      | booth the Demonspawn Gladiator began the quest for the Orb.
     0 | D:1      | Reached XP level 1. HP: 16/16 MP: 1/1
   344 | D:1      | Gained mutation: Your demonic aura sometimes causes spilled
                  | blood to erupt in flames. [demonic ancestry]
   344 | D:1      | Reached XP level 2. HP: 17/22 MP: 2/2
   556 | D:1      | Reached skill level 3 in Axes
  1340 | D:2      | Reached XP level 3. HP: 23/28 MP: 3/3
  1525 | D:2      | Found a faded altar of an unknown god.
  1732 | D:2      | Prayed at the altar of an unknown god.
  1732 | D:2      | Became a worshipper of Yredelemnul the Dark
  1732 | D:2      | Reached * piety under Yredelemnul
  2290 | D:3      | Gained mutation: You are partially covered in sharp spines.
                  | [demonic ancestry]
  2290 | D:3      | Reached XP level 4. HP: 28/34 MP: 4/4
  2423 | D:3      | Noticed Natasha
  2433 | D:3      | Killed Natasha
  2464 | D:3      | Reached ** piety under Yredelemnul
  2628 | D:3      | Noticed Natasha
  2636 | D:3      | Killed Natasha
  2637 | D:3      | Reached XP level 5. HP: 37/40 MP: 5/5
  2659 | D:3      | Noticed Natasha
  2678 | D:3      | Killed Natasha
  2679 | D:3      | Reached skill level 4 in Axes
  3162 | D:4      | Found a hazy altar of Hepliaklqana.
  3221 | D:4      | Noticed a phantom
  3231 | D:4      | Killed a phantom
  3426 | D:4      | Reached XP level 6. HP: 47/47 MP: 6/6
  3493 | D:4      | Found an iron altar of Okawaru.
  3514 | D:5      | Entered Level 5 of the Dungeon
  4080 | D:5      | Found an opulent altar of Gozag.
  4200 | D:5      | Reached skill level 5 in Axes
  4440 | D:5      | Reached XP level 7. HP: 38/53 MP: 7/7
  4575 | D:5      | Found a sacrificial altar of Ru.
  4804 | D:5      | Found Ybuntom's Armour Shop.
  5203 | D:6      | Slain by an orc warrior

Illustrated notes

Levels and vault maps discovered:
D:1:      nzn_arrival_settlement, layout_basic, st_stairs_10,
          minmay_crystal_room
D:2:      layout_loops_ring, hellmonk_ecumenical_altar_blasted,
          mrwooster_statue_mirror, minmay_pentomino_r2
D:3:      layout_basic, grunt_ministairs_2, uniq_natasha
D:4:      layout_rooms, worldfamousw_hep_ancestral_shrine,
          kennysheep_little_box, hangedman_decor_riveting, minmay_distorted
D:5:      layout_gridville, nicolae_overflow_crystal_walls,
          mainiacjoe_overflow_alcove_1, serial_shops, shop
D:6:      layout_loops_corners, makhleb_altar_promises_db, temple_hall

Skill      XL: |  1  2  3  4  5  6  7 |
---------------+----------------------+-----
Axes           | 3 4 5 |  5.6
Throwing       | 2 3 |  3.8
Dodging        | 3 4 |  4.4
Fighting       | 3 4 |  4.1

Action                   |  1- 3 |  4- 6 |  7- 9 || total
-------------------------+-------+-------+-------++-------
Melee: War axe           |   103 |    69 |    15 ||   187
       Punch             |       |     2 |       ||     2
Throw: Dart              |       |       |     2 ||     2
Invok: Recall Undead Har |       |       |     1 ||     1
  Use: Scroll            |     5 |       |       ||     5
       Potion            |     1 |     1 |       ||     2
 Stab: Distracted        |     1 |     1 |       ||     2
Armor: Leather armour    |    32 |    12 |     3 ||    47
Dodge: Dodged            |    79 |    39 |    10 ||   128
